 Dungeon Crawl Stone Soup version 0.18.1-48-g4cf74bf (webtiles) character file.

284 negitausen the Skirmisher (level 6, -2/48 HPs)
             Began as a Demonspawn Berserker on Sept 11, 2016.
             Was a Priest of Trog.
             Succumbed to a gnoll's poison
             ... on level 3 of the Dungeon.
             The game lasted 00:14:25 (1795 turns).

negitausen the Skirmisher (Demonspawn Berserker)    Turns: 1795, Time: 00:14:26

Health: -2/48      AC: 18    Str: 19    XL:     6   Next: 7%
Magic:  15/15      EV:  8    Int:  8    God:    Trog [***...]
Gold:   138        SH:  0    Dex: 11    Spells: 0 memorised, 5 levels left

rFire  + . .     SeeInvis .     m - +1 trident (pierce)
rCold  x . .     Gourm    .     n - +0 chain mail
rNeg   . . .     Faith    .     (no shield)
rPois  .         Spirit   .     i - +0 helmet
rElec  .         Dismiss  .     j - +1 cloak
rCorr  .         Reflect  .     (no gloves)
SustAt .         Harm     .     (no boots)
MR     .....                    (no amulet)
Stlth  ..........               o - ring of magical power
                                f - ring of fire

@: lethally poisoned (-2 -> -41), not resistant to hostile enchantments,
extremely unstealthy
A: hooves 1, rough black scales 2, powered by death 1
a: Berserk, Trog's Hand, Burn Spellbooks, Renounce Religion


You were on level 3 of the Dungeon.
You worshipped Trog.
Trog was most pleased with you.
You were not hungry.

You visited 1 branch of the dungeon, and saw 3 of its levels.

You collected 138 gold pieces.

Inventory:

Hand Weapons
 a - a +1 falchion
 e - a +0 vampiric dagger
 h - a +2 dagger of draining
 m - a +1 trident of piercing (weapon)
Missiles
 q - 12 arrows
Armour
 b - a +0 animal skin
 i - a +0 helmet (worn)
 j - a +1 cloak (worn)
 n - a +0 chain mail (worn)
Jewellery
 f - a ring of fire (left hand)
 o - a ring of magical power (right hand)
Scrolls
 g - a scroll of remove curse
 k - a scroll of immolation
 l - a scroll of identify
 p - a scroll of magic mapping
Potions
 d - 2 potions of flight
Comestibles
 c - a bread ration


   Skills:
 + Level 4.2 Fighting
 + Level 3.7 Long Blades
 + Level 0.6 Polearms
 + Level 2.1 Armour
 + Level 4.0 Dodging
 + Level 0.4 Stealth


You had 5 spell levels left.
You didn't know any spells.

Dungeon Overview and Level Annotations

Branches:
Dungeon (3/15)

Altars:


Innate Abilities, Weirdness & Mutations

You have large cloven feet.
You are mostly covered in rough black scales (AC +7, Dex -2).
You regenerate a little health from kills.


Message History

Trog accepts your kill.
You feel very sick. The gnoll hits you but does no damage.
You are lethally poisoned!
You closely miss the gnoll. You kick the gnoll, but do no damage.
* * * LOW HITPOINT WARNING * * *
You feel very sick. The gnoll hits you but does no damage.
You are more poisoned.
The gnoll hits you but does no damage.
You are more poisoned.
Your chain mail prevents you from hitting the gnoll.
You kick the gnoll, but do no damage.
* * * LOW HITPOINT WARNING * * *
You feel extremely sick. The gnoll hits you but does no damage.
You are more poisoned.
You hit the gnoll. You kick the gnoll, but do no damage.
The gnoll is moderately wounded.
You die...

.##.#.##.###########...K
.##...##.##......)......
.###....................
.# #####.##.)..(........
.# #..........##....
####.......# . #.......#
#....g).# ####.#@##
#.#.# ..?.........#
#####.####### #. #


You could see a gnoll.

Vanquished Creatures
  The ghost of tobi the Shield-Bearer, an amateur HEFi (D:3)
  Terence (D:2)
  3 gnolls (D:3)
  Robin (D:2)
  An adder (D:2)
  2 oozes
  2 worms (D:2)
  2 dart slugs
  4 giant geckos
  An orc (D:3)
  2 ball pythons (D:2)
  6 giant cockroaches
  15 goblins
  7 hobgoblins
  4 kobolds
  3 quokkas
  6 bats
  3 giant newts
  5 rats
69 creatures vanquished.

Notes
Turn   | Place    | Note
--------------------------------------------------------------
     0 | D:1      | negitausen the Demonspawn Berserker began the quest for the Orb.
     0 | D:1      | Reached XP level 1. HP: 18/18 MP: 1/1
   264 | D:1      | Gained mutation: You regenerate a little health from kills. [demonic ancestry]
   264 | D:1      | Reached XP level 2. HP: 18/24 MP: 2/2
   760 | D:2      | Reached ** piety under Trog
   857 | D:2      | Gained mutation: You have large cloven feet. [demonic ancestry]
   857 | D:2      | Reached XP level 3. HP: 11/29 MP: 3/3
   921 | D:2      | Noticed Robin
   944 | D:2      | Killed Robin
  1033 | D:2      | Gained mutation: You are partially covered in rough black scales (AC +4, Dex -1). [demonic ancestry]
  1033 | D:2      | Reached XP level 4. HP: 37/37 MP: 4/4
  1481 | D:2      | Noticed Terence
  1504 | D:2      | Killed Terence
  1741 | D:3      | Noticed tobi's ghost (amateur HEFi)
  1755 | D:3      | Killed tobi's ghost
  1755 | D:3      | Gained mutation: You are mostly covered in rough black scales (AC +7, Dex -2). [demonic ancestry]
  1755 | D:3      | Reached XP level 5. HP: 33/42 MP: 5/5
  1781 | D:3      | Reached *** piety under Trog
  1786 | D:3      | Reached XP level 6. HP: 33/48 MP: 6/6
  1795 | D:3      | Succumbed to a gnoll's poison

Skill      XL: |  1  2  3  4  5 |
---------------+----------------+-----
Long Blades    | 3 |  3.7
Dodging        | 2 3 4 |  4.0
Fighting       | 4 |  4.2
Armour         | 2 |  2.1
Polearms       | |  0.6
Stealth        | |  0.4

Action                   |  1- 3 |  4- 6 || total
-------------------------+-------+-------++-------
Melee: Falchion          |   134 |    60 ||   194
       Kick              |    14 |    30 ||    44
       Dagger            |     4 |     3 ||     7
       Trident           |       |    67 ||    67
  Use: Scroll            |     7 |       ||     7
       Potion            |     1 |     1 ||     2
  Eat: Bread ration      |       |     1 ||     1
       Beef jerky        |       |     1 ||     1
Armor: Animal skin       |    18 |    45 ||    63
       Chain mail        |       |    49 ||    49
Dodge: Dodged            |    87 |    83 ||   170
